cohdb
Replays
Latest Replays
All Replays
Popular Replays
Top Player Replays
Match Explorer
How It Works
Community
CoH3 Stats
Reddit
Sign in to upload your games and track your stats! →
Sign in with Steam
Match 42299162
Unlisted
Match 42299162
Overview
Messages
Build Orders
End
Construct Weapon Support Center
Selects Heavy Weapons
Sniper
Bazooka Squad
Engineer Squad
M1919 Machine Gun Team
Selects Assault Carriers
Air Support Center
Construct Medical Station
Grasshopper Recon Run
Construct Tank Depot
P-47 Strafing Run
Grasshopper Recon Run
P-47 Strafing Run
P-47 Dive Bomb
Sniper
P-47 Strafing Run
VeldMuis
TidaL
Clint Eastwood
NerV
Jadieu
你说的对,但原神是一
Bc124
kzvs1nyx
0
0
Comments
sign in to comment!
No comments posted yet!